 Dungeon Crawl Stone Soup version 0.15-a0-2388-g9f833ab (webtiles) character file.

14 Whismerhil the Cutter (level 2, 0/19 HPs)
             Began as a Halfling Warper on July 14, 2014.
             Slain by a giant gecko (2 damage)
             ... on Level 1 of the Dungeon on Aug 2, 2014.
             The game lasted 00:05:15 (966 turns).

Whismerhil the Cutter (Halfling Warper)              Turns: 966, Time: 00:05:15

HP   0/19        AC  3     Str 11      XL: 2   Next: 60%
MP   3/3         EV 12     Int 12      God:
Gold 20          SH  0     Dex 13      Spells:  2 memorised,  1 level left

rFire  . . .     SeeInvis .     a - +0 short sword
rCold  + . .     Clarity  +     b - +0 leather armour
rNeg   . . .     rCorr    .     (no shield)
rPois  .         rRot     .     (no helmet)
rElec  .         Spirit   .     (no cloak)
SustAb .         Warding  .     (no gloves)
rMut   .         Stasis   .     (no boots)
Gourm  .                        i - amulet of clarity
MR     .....                    (no ring)
                                j - ring of protection from cold

@: not resistant to hostile enchantments, very unstealthy
A: mutation resistance 1
a: no special abilities


You were on level 1 of the Dungeon.
You were not hungry.

You visited 1 branch of the dungeon, and saw 1 of its levels.

You collected 20 gold pieces.

Inventory:

Hand weapons
 a - a +0 short sword (weapon)
Missiles
 e - 5 tomahawks (quivered)
 n - 26 stones
 p - 9 poisoned needles
Armour
 b - a +0 leather armour (worn)
Comestibles
 f - a bread ration
 h - a beef jerky
Scrolls
 d - a scroll of blinking
 k - 2 scrolls of immolation {unknown}
 l - 2 scrolls of identify {unknown}
 o - a scroll of teleportation {unknown}
Jewellery
 i - an amulet of clarity (around neck)
 j - a ring of protection from cold (left hand)
Potions
 g - 2 potions of brilliance {unknown}
 m - a potion of restore abilities {unknown}
Books
 c - a book of Spatial Translocations

   Spells                             Type                      Level
   *Apportation                       Translocation                1
   *Blink                             Translocation                2
   Shroud of Golubria                 Charms/Translocation         2
   Portal Projectile                  Translocation                3
   Teleport Other                     Translocation                3
   Passage of Golubria                Translocation                4


   Skills:
 - Level 1.7 Fighting
 + Level 4.0 Short Blades
 - Level 1.3 Throwing
 - Level 1.1 Armour
 - Level 2.1 Dodging
 - Level 1.5 Spellcasting
 - Level 3.2 Translocations


You had one spell level left.
You knew the following spells:

 Your Spells              Type           Power        Failure   Level  Hunger
a - Apportation           Tloc           #.........   10%         1    ##.....
b - Blink                 Tloc           N/A          12%         2    ###....


Dungeon Overview and Level Annotations

Branches:
Dungeon (1/15)

Altars:


Innate Abilities, Weirdness & Mutations

You are small and have problems with some larger weapons.
You are somewhat resistant to further mutation.


Message History

The giant cockroach is severely wounded.
The giant cockroach bites you but does no damage.
You hit the giant cockroach.
You kill the giant cockroach!
No target in view!
No target in view!
o - a scroll labeled PUNORPH TUUPAKO You see here 24 stones.
HP restored.
A giant gecko comes into view.
Found a ring mail.
You closely miss the giant gecko. The giant gecko bites you.
You closely miss the giant gecko. The giant gecko bites you.
You hit the giant gecko but do no damage.
The giant gecko bites you.
You closely miss the giant gecko. The giant gecko bites you.
* * * LOW HITPOINT WARNING * * *
You miss the giant gecko. The giant gecko closely misses you.
The giant gecko bites you.
You die...

♣♣♣ P ♣P.♣ ♣P..P♣ .##
..P... ..# .
.P..♣P..# P♣P..PP..
####### [P.P...
##.#...#### ##l.#.#
##..#<#.#..####.@.#.#
.'..###.##.#........#
##.........####...#.#
##.....#### ##....#
##.......# #.####
####.##.# #.#
#.#.#..# #.# #...####
#.# ###############.#


You could see a giant gecko.

Vanquished Creatures
  2 hobgoblins (D:1)
  4 jackals (D:1)
  2 bats (D:1)
  2 giant cockroaches (D:1)
  A giant newt (D:1)
  2 goblins (D:1)
13 creatures vanquished.

Notes
Turn   | Place    | Note
--------------------------------------------------------------
     0 | D:1      | Whismerhil, the Halfling Warper, began the quest for the Orb.
     0 | D:1      | Reached XP level 1. HP: 14/14 MP: 2/2
   195 | D:1      | Upgraded the game from 0.15-a0-2099-gfb1bfb9 to 0.15-a0-2388-g9f833ab
   562 | D:1      | Reached XP level 2. HP: 19/19 MP: 3/3
   582 | D:1      | Learned a level 2 spell: Blink
   824 | D:1      | Reached skill level 4 in Short Blades
   966 | D:1      | Slain by a giant gecko

Action                   || total
-------------------------++-------
Melee: Short sword       ||    68
